 Dungeon Crawl Stone Soup version 0.24-a0-346-ge062c78e24 (webtiles) character file.

Game seed: 17475327200854661297

64 MisterOstroum the Skirmisher (level 4, 0/40 HPs)
             Began as a Human Wanderer on May 22, 2019.
             Slain by a sky beast (6 damage)
             ... on level 2 of the Dungeon.
             The game lasted 00:04:11 (2413 turns).

MisterOstroum the Skirmisher (Human Wanderer)       Turns: 2413, Time: 00:04:11

Health: 0/40       AC:  2    Str: 11    XL:     4   Next: 32%
Magic:  5/5        EV: 11    Int: 14    God:
Gold:   77         SH:  0    Dex: 13    Spells: 3/3 levels left

rFire    . . .     SeeInvis .   c - +0 mace
rCold    . . .     Gourm    .   (no shield)
rNeg     . . .     Faith    .   f - +0 robe
rPois    .         Spirit   .   (no helmet)
rElec    .         Reflect  .   (no cloak)
rCorr    .         Harm     .   (no gloves)
MR       .....                  (no boots)
Stlth    ++........             (no amulet)
HPRegen  0.13/turn              (no ring)
MPRegen  0.09/turn              (no ring)

@: no status effects
A: no striking features
a: no special abilities


You were on level 2 of the Dungeon.
You were not hungry.

You visited 1 branch of the dungeon, and saw 2 of its levels.

You collected 77 gold pieces.

Inventory:

Hand Weapons
 a - a +2 dagger
 c - a +0 mace (weapon)
Missiles
 g - 60 stones (quivered)
Armour
 f - a +0 robe (worn)
Jewellery
 l - an uncursed ring of poison resistance {unknown}
 n - an uncursed amulet of harm {unknown}
 o - an uncursed amulet of guardian spirit {unknown}
Scrolls
 d - 3 scrolls of teleportation {@r3 !r}
 i - 2 scrolls of enchant armour {unknown}
 j - a scroll of fog {unknown}
 k - a scroll of identify {unknown}
 m - 2 scrolls of magic mapping {unknown}
 p - a scroll of noise {unknown}
Potions
 b - a potion of heal wounds {@q2 !q}
 h - 2 potions of flight {unknown}
 r - a potion of mutation {unknown}
Comestibles
 e - 2 rations


   Skills:
 + Level 5.6 Fighting
 + Level 1.5 Maces & Flails
 - Level 2.1 Throwing
 - Level 1.0 Armour
 - Level 1.0 Stealth
   Level 2.0 Evocations


You had 3 spell levels left.
You didn't know any spells.
Your spell library was empty.

Dungeon Overview and Level Annotations

Branches:
Dungeon (2/15)

Altars:


Message History

No target in view!
No target in view!
No target in view!
No target in view!
Unknown command.
The sky beast is too close now for your liking.
A sky beast is nearby!
Throwing (i - inventory)
g - 68 stones (quivered)
Press: ? - help, Shift-Dir - straight line, f - sky beast
Aim: a sky beast (hasn't noticed you)
You throw a stone.
The stone hits the sky beast but does no damage.
Throwing (i - inventory)
g - 67 stones (quivered)
Press: ? - help, Shift-Dir - straight line, f/p - sky beast
Aim: a sky beast You throw a stone.
The stone hits the sky beast but does no damage.
Throwing (i - inventory)
g - 66 stones (quivered)
Press: ? - help, Shift-Dir - straight line, f/p - sky beast
Aim: a sky beast You throw a stone.
The stone hits the sky beast but does no damage.
Throwing (i - inventory)
g - 65 stones (quivered)
Press: ? - help, Shift-Dir - straight line, f/p - sky beast
Aim: a sky beast You throw a stone.
The stone barely misses the sky beast.
Throwing (i - inventory)
g - 64 stones (quivered)
Press: ? - help, Shift-Dir - straight line, f/p - sky beast
Aim: a sky beast You throw a stone.
The stone barely misses the sky beast.
The sky beast flickers out of sight!
Deactivating autopickup; reactivate with Ctrl-A.
All of the chunks of flesh in your inventory have rotted away.
No target in view!
No target in view!
No target in view!
No target in view!
No target in view!
No target in view!
No target in view!
No target in view!
No target in view!
No target in view!
No target in view!
No target in view!
No target in view!
No target in view!
No target in view!
No target in view!
No target in view!
No target in view!
No target in view!
No target in view!
No target in view!
No target in view!
No target in view!
No target in view!
No target in view!
No target in view!
No target in view!
No target in view!
No target in view!
No target in view!
No target in view!
No target in view!
Throwing (i - inventory)
g - 63 stones (quivered)
Press: ? - help, Shift-Dir - straight line You throw a stone.
Throwing (i - inventory)
g - 62 stones (quivered)
Press: ? - help, Shift-Dir - straight line You throw a stone.
Something hits you. Something shocks you.
Throwing (i - inventory)
g - 61 stones (quivered)
Press: ? - help, Shift-Dir - straight line You throw a stone.
Something hits you. Something shocks you.
You hit something. Something hits you. Something shocks you.
You barely miss something.
A sky beast appears from thin air!
Reactivating autopickup.
The sky beast closely misses you. x2
You barely miss the sky beast.
The sky beast is lightly wounded.
The sky beast hits you. The sky beast shocks you.
* * * LOW HITPOINT WARNING * * *
You hit the sky beast but do no damage.
The sky beast is lightly wounded.
The sky beast barely misses you.
You hit the sky beast.
The sky beast is lightly wounded.
The sky beast barely misses you. x2
You completely miss the sky beast.
The sky beast is lightly wounded.
The sky beast barely misses you.
You hit the sky beast but do no damage.
The sky beast is lightly wounded.
The sky beast barely misses you.
You barely miss the sky beast.
The sky beast is lightly wounded.
The sky beast hits you.
* * * LOW HITPOINT WARNING * * *
The sky beast shocks you.
You die...

### .... .....
##################......
................@Y(...((
##################.(^...
..... #### ...( ...# .((
...# .. ...# . ...#####
##........ ........
+.........


You could see a sky beast.

Vanquished Creatures
  3 adders (D:2)
  A dart slug (D:1)
  A leopard gecko (D:1)
  2 giant cockroaches
  5 goblins
  3 hobgoblins
  8 jackals
  2 kobolds (D:1)
  3 bats (D:1)
  2 frilled lizards (D:2)
  2 rats (D:2)
32 creatures vanquished.

Notes
Turn   | Place    | Note
-------+----------+-------------------------------------------
     0 | D:1      | MisterOstroum the Human Wanderer began the quest for the
                  | Orb.
     0 | D:1      | MisterOstroum set off with the following items: a +2
                  | dagger, a potion of heal wounds {@q2 !q}, a +0 mace, a
                  | scroll of teleportation {@r3 !r}, a ration, a +0 robe
     0 | D:1      | Reached XP level 1. HP: 21/21 MP: 2/2
   403 | D:1      | Reached skill level 1 in Throwing
   403 | D:1      | Reached XP level 2. HP: 17/27 MP: 3/3
  1118 | D:2      | Reached XP level 3. HP: 32/33 MP: 4/4
  2156 | D:2      | Reached XP level 4. HP: 27/39 MP: 5/5
  2386 | D:2      | Noticed a sky beast
  2413 | D:2      | Slain by a sky beast

Levels and vault maps discovered:
D:1:      matt_arrival_diagonals, layout_basic
D:2:      layout_basic, minmay_misc_feat_roman

Skill      XL: |  1  2  3 |
---------------+----------+-----
Throwing       | 1 2 |  2.1
Fighting       | |  5.6
Maces & Flails | |  1.5
Armour         | |  1.0
Stealth        | |  1.0
Evocations     | |  2.0

Action                   |  1- 3 |  4- 6 || total
-------------------------+-------+-------++-------
Melee: Dagger            |    30 |       ||    30
       Mace              |    97 |    26 ||   123
Throw: Stone             |    44 |    13 ||    57
 Stab: Sleeping          |     2 |       ||     2
  Eat: Chunk             |     4 |     1 ||     5
Armor: Robe              |    36 |     4 ||    40
Dodge: Dodged            |   120 |    17 ||   137

Table legend:
 A = Non-vault XP
 B = Vault XP
 C = Vault XP percentage of total XP
 D = Non-vault monster count
 E = Vault monster count
 F = Vault count percentage of total count
                 A         B        C        D         E       F
            +---------+---------+-------+---------+---------+-------
      Total |      92 |       0 |   0.0 |      32 |       0 |   0.0
            +---------+---------+-------+---------+---------+-------
        D:1 |      24 |       0 |   0.0 |      12 |       0 |   0.0
        D:2 |      68 |       0 |   0.0 |      20 |       0 |   0.0
            +---------+---------+-------+---------+---------+-------
